 Dungeon Crawl Stone Soup version 0.29-a0-813-g4a14ea37d6 (webtiles) character file.

Game seed: 1639511254107923388

371 pokeman the Magician (level 6, -5/34 HPs)
             Began as a Deep Elf Hedge Wizard on July 4, 2022.
             Slain by an ogre
             ... wielding a +0 giant club
              (7 damage)
             ... on level 5 of the Dungeon.
             The game lasted 00:12:10 (5812 turns).

pokeman the Magician (Deep Elf Hedge Wizard)        Turns: 5812, Time: 00:12:10

Health: -5/34      AC:  4    Str: 13    XL:     6   Next: 42%
Magic:  12/18      EV: 12    Int: 21    God:
Gold:   174        SH:  0    Dex: 14    Spells: 8/19 levels left

rFire   . . .      SeeInvis .   y - +4 dagger (venom)
rCold   . . .      Faith    .   (no shield)
rNeg    + . .      Spirit   .   n - +0 leather armour
rPois   .          Reflect  .   c - +0 hat
rElec   .          Harm     .   (no cloak)
rCorr   .          Rampage  .   g - +0 pair of gloves
Will    .....                   (no boots)
Stlth   ++........              (no amulet)
HPRegen 0.11/turn               i - ring of positive energy
MPRegen 0.16/turn               l - +6 ring of strength

@: on blink cooldown
A: no striking features
a: no special abilities


You were on level 5 of the Dungeon.
You visited 1 branch of the dungeon, and saw 5 of its levels.

You collected 204 gold pieces.
You spent 30 gold pieces at shops.

Inventory:

Hand Weapons
 y - a +4 dagger of venom (weapon)
Armour
 c - a +0 hat (worn)
 g - a +0 pair of gloves (worn)
 j - a +0 buckler
 n - a +0 leather armour (worn)
Magical Staves
 f - a staff of air
Jewellery
 i - a ring of positive energy (left hand)
 l - a +6 ring of strength (right hand)
 m - a ring of resist corrosion
Wands
 x - a wand of flame (9)
 z - a wand of roots (9)
Scrolls
 a - 2 scrolls of enchant armour {unknown}
 b - a scroll of summoning
 h - 2 scrolls of fog
 k - 4 scrolls of teleportation
 q - 2 scrolls of amnesia
 r - a scroll of immolation {unknown}
 w - a scroll of poison {unknown}
Potions
 d - 2 potions of magic
 e - 3 potions of flight {unknown}
 o - a potion of degeneration {unknown}
 p - 4 potions of heal wounds {unknown}
 s - 4 potions of curing
 t - 2 potions of attraction {unknown}
 u - 2 potions of lignification {unknown}
 v - a potion of might {unknown}
 A - a potion of mutation {unknown}


   Skills:
 + Level 1.0 Fighting
 - Level 1.0 Armour
 - Level 3.0 Dodging
 - Level 3.0 Stealth
 - Level 1.0 Shields
 * Level 7.0 Spellcasting
 + Level 3.2 Conjurations
 - Level 1.1 Summonings
 - Level 1.1 Translocations
 - Level 1.1 Fire Magic
 - Level 1.1 Air Magic
 - Level 1.0 Poison Magic
 + Level 0.1 Evocations


You had 8 spell levels left.
You knew the following spells:

 Your Spells              Type           Power      Damage    Failure   Level
a - Magic Dart            Conj           80%        1d7       3%          1
b - Mephitic Cloud        Conj/Pois/Air  14%        N/A       16%         3
c - Call Imp              Summ           12%        N/A       11%         2
d - Blink                 Tloc           24%        N/A       11%         2
e - Conjure Flame         Conj/Fire      16%        6-21      14%         3

Your spell library contained the following spells:

 Spells                   Type           Power      Damage    Failure   Level
 Apportation              Tloc           24%        N/A       7%          1
 Necrotise                Necr           28%        1d5       11%         1
 Slow                     Hex            28%        N/A       11%         1
 Vampiric Draining        Necr           7%         2d6       32%         3
 Alistair's Intoxication  Tmut/Pois      6%         N/A       94%         5
 Agony                    Necr           7%         N/A       97%         5


Dungeon Overview and Level Annotations

Branches:
Dungeon (5/15)
 Temple: D:4-7

Altars:
Sif Muna
Uskayaw

Shops:
D:4 ?


Message History

The magic dart hits the ogre.
The ogre is moderately wounded.
Casting: Magic Dart (safe; 3% risk of failure)
Confirm with . or Enter, or press ? or * to list all spells.
Aiming: Magic Dart (safe; 3% risk of failure)
Press: ? - help, Shift-Dir - straight line, f/p - ogre
Aim: an ogre, wielding a +0 giant club (moderately wounded, 100% to hit)
The magic dart hits the ogre but does no damage.
The ogre is moderately wounded.
Casting: Magic Dart (safe; 3% risk of failure)
Confirm with . or Enter, or press ? or * to list all spells.
Aiming: Magic Dart (safe; 3% risk of failure)
Press: ? - help, Shift-Dir - straight line, f/p - ogre
Aim: an ogre, wielding a +0 giant club (moderately wounded, 100% to hit)
The magic dart hits the ogre.
The ogre is heavily wounded.
Casting: Magic Dart (safe; 3% risk of failure)
Confirm with . or Enter, or press ? or * to list all spells.
Aiming: Magic Dart (safe; 3% risk of failure)
Press: ? - help, Shift-Dir - straight line, f/p - ogre
Aim: an ogre, wielding a +0 giant club (moderately wounded, 100% to hit)
The magic dart hits the ogre but does no damage.
The ogre is moderately wounded.
Casting: Magic Dart (safe; 3% risk of failure)
Confirm with . or Enter, or press ? or * to list all spells.
You blink.
A centaur comes into view.
Found a puce potion.
The centaur shouts!
The centaur wields a +2 shortbow of flaming.
It bursts into flame!
The centaur shoots an arrow.
The arrow hits you! The arrow burns you.
The centaur shoots an arrow.
The arrow misses you.
The centaur shoots an arrow.
The arrow hits you. The arrow burns you.
The centaur shoots an arrow.
The arrow hits you!
* * * LOW HITPOINT WARNING * * *
The arrow burns you.
* * * LOW HITPOINT WARNING * * *
The ogre hits you with a +0 giant club!
You die...

........#
!.c......#
.........##
...........
..........
.........###
.........#.#
#......@.#...
##....!O........
.........#.......
........!##......
.#......ยง.#......
.................
..##.............
. #.........#....
#.........# ..


You could see an ogre and a centaur.

Vanquished Creatures
  2 orc priests (D:4)
  Terence (D:3)
  2 iguanas (D:4)
  2 orc wizards (D:4)
  Ijyb (D:3)
  Natasha (twice) (D:3)
  An adder (D:2)
  A dart slug (D:1)
  2 worms
  9 orcs
  5 bats
  5 endoplasms
  5 giant cockroaches
  11 goblins
  4 hobgoblins (D:1)
  5 jackals
  3 quokkas
  8 ball pythons
  3 frilled lizards
  8 kobolds
  2 rats
82 creatures vanquished.

Vanquished Creatures (collateral kills)
  2 orcs (D:3)
2 creatures vanquished.

Grand Total: 84 creatures vanquished

Notes
Turn   | Place    | Note
-------+----------+-------------------------------------------
     0 | D:1      | pokeman the Deep Elf Hedge Wizard began the quest for the
                  | Orb.
     0 | D:1      | Reached XP level 1. HP: 10/10 MP: 7/7
   365 | D:1      | Reached XP level 2. HP: 16/16 MP: 5/9
   994 | D:1      | Reached skill level 5 in Spellcasting
  1236 | D:1      | Reached XP level 3. HP: 20/20 MP: 8/11
  1240 | D:1      | Learned a level 3 spell: Mephitic Cloud
  1243 | D:1      | Learned a level 2 spell: Call Imp
  1246 | D:1      | Learned a level 2 spell: Blink
  1250 | D:1      | Learned a level 3 spell: Conjure Flame
  1279 | D:1      | Found a faded altar of an unknown god.
  1865 | D:2      | Reached skill level 1 in Fighting
  1999 | D:2      | Reached skill level 1 in Armour
  2114 | D:2      | Found a shimmering blue altar of Sif Muna.
  2720 | D:3      | Reached XP level 4. HP: 25/25 MP: 8/13
  3095 | D:3      | Found a hide-covered altar of Uskayaw.
  3177 | D:3      | Noticed Natasha
  3189 | D:3      | Killed Natasha
  3501 | D:3      | Noticed Natasha
  3507 | D:3      | Killed Natasha
  3508 | D:3      | Reached skill level 6 in Spellcasting
  3574 | D:3      | Noticed Terence
  3610 | D:3      | Killed Terence
  3611 | D:3      | Reached skill level 1 in Shields
  3611 | D:3      | Reached XP level 5. HP: 15/29 MP: 0/15
  3795 | D:3      | Noticed Ijyb
  3813 | D:3      | Killed Ijyb
  4079 | D:4      | Found Emub's Magic Scroll Emporium.
  4088 | D:4      | Bought a scroll of identify for 20 gold pieces
  4088 | D:4      | Bought a scroll of noise for 10 gold pieces
  4504 | D:4      | Reached skill level 1 in Fire Magic
  4664 | D:4      | Reached XP level 6. HP: 34/34 MP: 13/17
  4690 | D:4      | Reached skill level 7 in Spellcasting
  4690 | D:4      | Reached skill level 1 in Air Magic
  4690 | D:4      | Reached skill level 1 in Poison Magic
  5804 | D:5      | Entered Level 5 of the Dungeon
  5812 | D:5      | Slain by an ogre

Illustrated notes

Levels and vault maps discovered:
D:1:      lemuel_arrival_cross, layout_loops_ring,
          shapermc_ecumenical_altar_mp_vishouse
D:2:      minmay_chambers_of_ones, layout_loops_corners, basic_altar
D:3:      minmay_general_purpose_star, layout_loops_ring, lemuel_crystal_altar,
          uniq_natasha, uniq_ijyb, uniq_terence, uniq_crazy_yiuf_cottage
D:4:      layout_layer_cave, serial_shops, nicolae_diamond_shop,
          small_statue_intersection
D:5:      layout_cave_pools, mainiacjoe_overflow_small_starburst,
          dreamdust_princess_corridor

Skill      XL: |  1  2  3  4  5  6 |
---------------+-------------------+-----
Spellcasting   | 5 6 7 |  7.0
Fighting       | 1 |  1.0
Armour         | 1 |  1.0
Conjurations   | 2 3 |  3.2
Dodging        | 3 |  3.0
Shields        | 1 |  1.0
Stealth        | 3 |  3.0
Fire Magic     | 1 |  1.1
Air Magic      | 1 |  1.1
Poison Magic   | 1 |  1.0
Summonings     | |  1.1
Translocations | |  1.1
Evocations     | |  0.1

Action                   |  1- 3 |  4- 6 || total
-------------------------+-------+-------++-------
Melee: Staff             |     2 |     5 ||     7
       Flail             |       |    16 ||    16
       Dagger            |       |    24 ||    24
 Cast: Magic Dart        |   129 |    57 ||   186
       Call Imp          |       |     5 ||     5
       Mephitic Cloud    |       |    13 ||    13
       Conjure Flame     |       |     3 ||     3
       Blink             |       |     1 ||     1
  Use: Scroll            |       |     4 ||     4
 Stab: Confused          |       |     8 ||     8
       Sleeping          |       |     1 ||     1
Armor: Robe              |     2 |       ||     2
       Leather armour    |     3 |     9 ||    12
Dodge: Dodged            |    25 |    19 ||    44

Table legend: (Time is in decaauts)
 A = Elapsed time spent in this place.
 B = Non-inter-level travel time spent in this place.
 C = Inter-level travel time spent in this place.
 D = Time resting spent in this place.
 E = Time spent auto-exploring this place.
 F = Levels seen in this place.
 G = Mean time per level.
                   A        B        C        D        E       F      G
               +--------+--------+--------+--------+--------+-----+--------+
         Total |   5817 |   5663 |    154 |    382 |   4628 |   5 | 1163.4 |
       Dungeon |   5817 |   5663 |    154 |    382 |   4628 |   5 | 1163.4 |
               +--------+--------+--------+--------+--------+-----+--------+

Top non-repeatable levels by time:
     D:3: 1897 daAuts
     D:4: 1339 daAuts
     D:1: 1305 daAuts
     D:2: 1267 daAuts
     D:5: 7 daAuts
